 Dungeon Crawl Stone Soup version 0.29.1-15-g9cfb28693d (webtiles) character file.

Game seed: 13507911106615455431

1205 kingofthe the Conjurer (level 8, -8/42 (46) HPs)
             Began as an Octopode Conjurer on Feb 25, 2023.
             Mangled by a wight
             ... wielding a +0 great sword
              (9 damage)
             ... on level 5 of the Dungeon.
             The game lasted 00:15:32 (7115 turns).

kingofthe the Conjurer (Octopode Conjurer)          Turns: 7115, Time: 00:15:32

HP:   -8/42 (46)    AC:  1    Str: 10    XL:     8   Next: 45%
MP:   0/15          EV: 16    Int: 21    God:
Gold: 259           SH:  0    Dex: 18    Spells: 7/17 levels left

rFire   x . .      SeeInvis .   r - +10 sling of Hotapto {flame, +Blink rF- Will+ Str+4}
rCold   . . .      Faith    .   (no shield)
rNeg    . . .      Spirit   .   (helmet restricted)
rPois   .          Reflect  .   (no amulet)
rElec   .          Harm     .   D - +6 ring of dexterity
rCorr   +          Rampage  .   R - ring of resist corrosion
Will    +....                   (no ring)
Stlth   ++++......              (no ring)
HPRegen 0.14/turn               (no ring)
MPRegen 0.14/turn               (no ring)
                                (no ring)
                                (no ring)

@: drained
A: almost no armour, amphibious, 8 rings, camouflage 1, gelatinous body 1,
(nimble swimmer 1), tentacles
a: Evoke Blink


You were on level 5 of the Dungeon.
You visited 2 branches of the dungeon, and saw 7 of its levels.

You collected 259 gold pieces.


Innate Abilities, Weirdness & Mutations

You cannot wear most types of armour.
You are amphibious.
You can wear up to eight rings at the same time.
Your skin changes colour to match your surroundings (Stealth+).
Your rubbery body absorbs attacks. (AC +1, EV +1)
((You are camouflaged when in or above water. (Stealth+)))
You have tentacles for arms and can constrict up to eight enemies at once.


   Skills:
 * Level 5.5 Dodging
 - Level 5.0 Stealth
 + Level 5.0 Spellcasting
 + Level 6.0 Conjurations
 * Level 3.2 Hexes
 + Level 1.2 Poison Magic


You had 7 spell levels left.
You knew the following spells:

 Your Spells              Type           Power      Damage    Failure   Level
a - Magic Dart            Conj           100%       1d8       1%          1
b - Searing Ray           Conj           60%        2d6       1%          2
c - Fulminant Prism       Conj/Hex       12%        3d9       16%         4
d - Mephitic Cloud        Conj/Pois/Air  15%        N/A       12%         3

Your spell library contained the following spells:

 Spells                   Type           Power      Damage    Failure   Level
 Dazzling Flash           Conj/Hex       48%        N/A       4%          3
 Portal Projectile        Hex/Tloc       24%        N/A       17%         3
 Ignite Poison            Fire/Tmut/Pois 7%         N/A       26%         3
 Iskenderun's Mystic Bla  Conj/Tloc      17%        2d5       30%         4
 Call Canine Familiar     Summ           5%         N/A       32%         3
 Leda's Liquefaction      Hex/Erth       6%         N/A       50%         4
 Freezing Cloud           Conj/Ice/Air   6%         6-21      78%         5

Inventory:

Hand Weapons
 p - a +2 whip of pain
 r - the +10 sling of Hotapto (weapon) {flame, +Blink rF- Will+ Str+4}
   (You found it on level 4 of the Dungeon)

   Any ammunition fired from it burns those it strikes, dealing additional fire
   damage.
   Str:       It affects your strength (+4).
   rF:        It makes you vulnerable to fire.
   +Blink:    It lets you blink.
   Will:      It increases your willpower.
 u - a +1 short sword of venom
Armour
 v - a +0 kite shield
Magical Staves
 b - a staff of fire {!a}
Jewellery
 D - a +6 ring of dexterity (left tentacle)
 R - a ring of resist corrosion (right tentacle)
Wands
 w - a wand of flame (11)
Scrolls
 c - 4 scrolls of fear {unknown}
 d - 2 scrolls of enchant armour {unknown}
 l - a scroll of acquirement {unknown}
 s - a scroll of magic mapping {unknown}
 x - a scroll of enchant weapon {unknown}
 y - a scroll of noise {unknown}
 z - a scroll of blinking {unknown}
Potions
 a - a potion of magic
 e - 2 potions of invisibility {unknown}
 f - 3 potions of brilliance {unknown}
 g - 2 potions of degeneration {unknown}
 h - 3 potions of lignification {unknown}
 i - 2 potions of haste {@q3}
 j - 3 potions of curing {unknown}
 k - 2 potions of might
 m - a potion of resistance {unknown}
 n - 2 potions of attraction {unknown}
 o - a potion of heal wounds {unknown}
 q - a potion of mutation {unknown}
 t - 2 potions of berserk rage {unknown}

Dungeon Overview and Level Annotations

Branches:
Dungeon (6/15)             Temple (1/1) D:4

Altars:
Ashenzari
Cheibriados
Elyvilon
Gozag
Hepliaklqana
Kikubaaqudgha
Makhleb
Nemelex Xobeh
Okawaru
Qazlal
Ru
Trog
Uskayaw
Vehumet
Wu Jian
Yredelemnul
Zin
The Shining One

#.##.##.########....#.
#..........# ####...
#....##....# ####
#....##....#### ###
###.............######..
###......##.##.##.........
##........##.##.##..####...
##......#..zz........# ####
#....######@#....##..#
####....###.#....##..#
#.......#..........#
##.............######
#...........####
#...........#
#...........##
##............#
#.............#


You could see 2 wights.


Message History

The searing ray hits the wight.
The wight is heavily damaged.
The searing ray hits the wight but does no damage.
The searing ray hits the wight.
The wight is severely damaged.
The searing ray hits the wight!
The wight is heavily damaged.
You finish channelling your searing ray.
The wight closely misses you.
A wight comes into view. It is wielding a +7 flail.
The wight hits you with a +0 great sword!
You feel drained. The wight hits you with a +4 scimitar!
You feel drained.
You climb upwards.
There is a stone staircase leading down here.
Casting: Searing Ray (safe; 1% risk of failure)
Confirm with . or Enter, or press ? or * to list all spells.
Aiming: Searing Ray (safe; 1% risk of failure)
Press: ? - help, Shift-Dir - straight line, f - wight
Aim: a wight, wielding a +4 scimitar and wearing a +0 robe (heavily damaged, 79% to hit)
The searing ray hits the wight.
The wight is severely damaged. (Press . to maintain the ray.)
The wight hits you with a +4 scimitar!!
Ouch! That really hurt!
* * * LOW HITPOINT WARNING * * *
The wight closely misses you.
Without enough magic to sustain it, your searing ray dissipates.
The wight barely misses you.
The wight hits you with a +0 great sword!
You die...

Skill      XL: |  1  2  3  4  5  6  7  8 |
---------------+-------------------------+-----
Spellcasting   | 3 4 5 |  5.0
Stealth        | 3 4 5 |  5.0
Dodging        | 3 4 5 |  5.5
Conjurations   | 5 6 |  6.0
Hexes          | 2 3 |  3.2
Poison Magic   | 1 |  1.2

Action                   |  1- 3 |  4- 6 |  7- 9 || total
-------------------------+-------+-------+-------++-------
Melee: Unarmed           |     3 |       |       ||     3
       Staff             |     2 |     1 |       ||     3
       Tentacles         |     1 |       |       ||     1
       Constrict         |     1 |     1 |       ||     2
 Fire: Sling             |       |     8 |     2 ||    10
 Cast: Magic Dart        |    64 |    49 |    55 ||   168
       Searing Ray       |     6 |    14 |    28 ||    48
Evoke: Wand              |       |       |     2 ||     2
Armor: Skin              |     1 |     5 |     2 ||     8
Dodge: Dodged            |     8 |    15 |    31 ||    54

Levels and vault maps discovered:
D:1:      nicolae_arrival_washed_ashore, layout_basic,
          shapermc_ecumenical_altar_hornbeckon, minmay_tall_x
D:2:      layout_loops_corners, basic_altar, grunt_ministairs_10,
          minmay_small_reverse_x
D:3:      minmay_skewed_foursquare, layout_rooms, kennysheep_generic_room_9
D:4:      cheibrodos_fertilizer, layout_loops_ring,
          minmay_temple_entry_proselytizer, nrook_mini_backslash, nrook_uturn,
          uniq_eustachio
D:5:      layout_cave_pods, mainiacjoe_overflow_six_doors_small,
          hangedman_abyss_or_decor_lesser_grid, uniq_edmund
D:6:      layout_basic, overflow_temple_1_default,
          nicolae_dithmenos_shadow_blocks, lemuel_coloured_pillars_altar,
          gammafunk_ghost_split
Temple:   eino_temple_rhombus

Notes
Turn   | Place    | Note
-------+----------+-------------------------------------------
     0 | D:1      | kingofthe the Octopode Conjurer began the quest for the
                  | Orb.
     0 | D:1      | Reached XP level 1. HP: 11/11 MP: 3/3
   219 | D:1      | Reached XP level 2. HP: 17/17 MP: 2/5
   433 | D:1      | Reached skill level 3 in Spellcasting
   476 | D:1      | Learned a level 2 spell: Searing Ray
   592 | D:1      | Reached XP level 3. HP: 21/21 MP: 5/7
   643 | D:1      | Found a faded altar of an unknown god.
  1546 | D:2      | Found a white marble altar of Elyvilon.
  1880 | D:2      | Reached skill level 3 in Stealth
  1880 | D:2      | Reached XP level 4. HP: 27/27 MP: 2/8
  2757 | D:3      | Reached XP level 5. HP: 31/31 MP: 4/10
  2956 | D:3      | Reached skill level 3 in Dodging
  3309 | D:4      | Reached XP level 6. HP: 21/36 MP: 0/11
  3436 | D:4      | Found a staircase to the Ecumenical Temple.
  3454 | Temple   | Entered the Ecumenical Temple
  3633 | D:4      | Reached skill level 4 in Stealth
  3633 | D:4      | Reached skill level 4 in Spellcasting
  3731 | D:4      | Identified the +10 sling of Hotapto {flame, +Blink rF-
                  | Will+ Str+4}
  4116 | D:4      | Noticed Eustachio
  4134 | D:4      | Reached skill level 5 in Conjurations
  4134 | D:4      | Killed Eustachio
  4135 | D:4      | Reached skill level 4 in Dodging
  4135 | D:4      | Reached XP level 7. HP: 34/41 MP: 4/13
  5116 | D:4      | Learned a level 4 spell: Fulminant Prism
  5279 | D:5      | Entered Level 5 of the Dungeon
  5325 | D:5      | Noticed Edmund
  5337 | D:4      | Killed Edmund
  5338 | D:4      | Reached skill level 1 in Hexes
  5808 | D:5      | Reached skill level 5 in Stealth
  5808 | D:5      | Reached skill level 2 in Hexes
  6040 | D:5      | Reached skill level 5 in Dodging
  6040 | D:5      | Reached XP level 8. HP: 44/46 MP: 9/15
  6217 | D:5      | Found an iron altar of Okawaru.
  6669 | D:5      | Learned a level 3 spell: Mephitic Cloud
  6941 | D:6      | Found a stormy altar of Qazlal.
  6952 | D:5      | Reached skill level 3 in Hexes
  7098 | D:6      | Reached skill level 5 in Spellcasting
  7098 | D:6      | Reached skill level 1 in Poison Magic
  7109 | D:6      | Reached skill level 6 in Conjurations
  7114 | D:5      | HP: 1/42 [wight/+4 scimitar (21)]
  7115 | D:5      | Mangled by a wight

Vanquished Creatures
  Eustachio (D:4)
  Edmund (D:4)
  A black bear (D:5)
  A phantom (D:5)
  A scorpion (D:5)
  A gnoll sergeant (D:5)
  2 wights (D:6)
  2 howler monkeys (D:4)
  4 jellies
  An orc priest (D:4)
  A hound (D:4)
  An iguana (D:4)
  13 gnolls
  4 adders
  An ufetubus (D:5)
  4 worms
  2 dart slugs
  2 orcs (D:3)
  4 ball pythons (D:1)
  13 bats
  18 endoplasms
  5 giant cockroaches
  3 goblins (D:4)
  6 hobgoblins
  4 jackals (D:3)
  3 quokkas
  3 frilled lizards
  16 kobolds
  3 rats
121 creatures vanquished.

Vanquished Creatures (others)
  3 fungi (D:4)
  A plant (D:1)
  6 toadstools (D:4)
10 creatures vanquished.

Grand Total: 131 creatures vanquished

Table legend: (Time is in decaauts)
 A = Elapsed time spent in this place.
 B = Non-inter-level travel time spent in this place.
 C = Inter-level travel time spent in this place.
 D = Time resting spent in this place.
 E = Time spent auto-exploring this place.
 F = Levels seen in this place.
 G = Mean time per level.
                   A        B        C        D        E       F      G
               +--------+--------+--------+--------+--------+-----+--------+
         Total |   7117 |   6786 |    331 |   1247 |   4748 |   7 | 1016.7 |
       Dungeon |   6953 |   6639 |    314 |   1247 |   4615 |   6 | 1158.8 |
        Temple |    163 |    146 |     17 |      0 |    133 |   1 |  163.0 |
               +--------+--------+--------+--------+--------+-----+--------+

Top non-repeatable levels by time:
     D:4: 1915 daAuts
     D:5: 1478 daAuts
     D:2: 1249 daAuts
     D:3: 1184 daAuts
     D:1: 1087 daAuts
  Temple: 163 daAuts
     D:6: 36 daAuts

Table legend:
 A = Non-vault XP
 B = Vault XP
 C = Vault XP percentage of total XP
 D = Non-vault monster count
 E = Vault monster count
 F = Vault count percentage of total count
                 A         B        C        D         E       F
            +---------+---------+-------+---------+---------+-------
      Total |    1167 |     555 |  32.2 |      86 |      35 |  28.9
            +---------+---------+-------+---------+---------+-------
        D:1 |      40 |       6 |  13.0 |      21 |       4 |  16.0
        D:2 |      32 |      15 |  31.9 |      12 |       6 |  33.3
        D:3 |     148 |      12 |   7.5 |      22 |       5 |  18.5
        D:4 |     222 |     522 |  70.2 |      15 |      20 |  57.1
        D:5 |     585 |       0 |   0.0 |      14 |       0 |   0.0
        D:6 |     140 |       0 |   0.0 |       2 |       0 |   0.0
            +---------+---------+-------+---------+---------+-------
